AoeStats
← Pwncakes

Pilgrims

508522485Analyzed
2v2 RM · 10d ago on Sep 22, 2026· 27m 58s· 4 players
Game mode
Random Map
Map size
Medium (4 player)
Population
200
Speed
Normal
Resources
Standard
Victory
Conquest
Starting age
Dark Age
Ending age
Imperial Age
RankedLock teamsTeams togetherTeam positionsShared explorationLock speedFull tech treeHidden civsTurbo modeCheats
Victory
Defeat
🇦🇷 Huns · Argentina
1400
+14
🇦🇺 Armenians · Australia
1344
+17
🇺🇸 Random · United States
1362
-16
🇺🇸 Random · United States
1359
-15
Pwncakes
3:44 Loom
11:34 Feudal Age
13:52 Wheelbarrow
14:33 Double-Bit Axe
15:33 Forging
15:20 Fletching
15:57 Gold Mining
20:11 Castle Age
19:01 Padded Archer Armor
19:26 Scale Mail Armor
19:52 Arson
21:11 Squires
20:57 Gambesons
21:31 Chain Mail Armor
22:44 Iron Casting
25:57 Stone Mining
Meesh
4:19 Loom
12:43 Feudal Age
18:55 Castle Age
17:12 Fishing Lines
21:50 Double-Bit Axe
22:46 Fletching
23:24 Pikeman
25:51 Wheelbarrow
Donezo
4:45 Loom
11:05 Feudal Age
11:34 Double-Bit Axe
17:27 Castle Age
17:56 Fletching
20:39 Bodkin Arrow
21:53 Medium Warships
22:21 Forging
22:27 Bow Saw
22:40 Fishing Lines
25:24 Gillnets
Pirulo222
4:02 Loom
12:01 Feudal Age
12:51 Double-Bit Axe
14:53 Wheelbarrow
20:53 Castle Age
18:48 Fishing Lines
21:02 Stone Mining
21:04 Fletching
21:15 Padded Archer Armor
21:51 Medium Warships
22:07 Bodkin Arrow
23:22 Leather Archer Armor
Connection lost

Rejoining the realm…

Still unreachable

The connection could not be restored.

Session expired

The server has moved on; the page needs a fresh start.